 Dungeon Crawl Stone Soup version 0.31.0-11-ge490571c62 (webtiles) character file.

Game seed: 11793207946666255999

68 browni3141 the Shooter (level 4, 0/34 HPs)
             Began as a Demonspawn Hunter on Jan 31, 2024.
             Succumbed to a scorpion's poison
             ... on level 3 of the Dungeon.
             The game lasted 00:01:28 (1499 turns).

browni3141 the Shooter (Demonspawn Hunter)          Turns: 1499, Time: 00:01:28

Health: 0/34       AC:  3    Str: 12    XL:     4   Next: 1%
Magic:  4/4        EV: 12    Int: 11    God:
Gold:   128        SH:  0    Dex: 16    Spells: 3/3 levels left

rFire   . . .        f - +0 short sword (venom)
rCold   . . .        (no shield)
rNeg    . . .        c - +0 leather armour
rPois   .            (no helmet)
rElec   .            (no cloak)
rCorr   .            (no gloves)
SInv    .            (no boots)
Will    .....        (no amulet)
Stlth   ++           (no ring)
HPRegen 0.25/turn    (no ring)
MPRegen 0.09/turn

%: clarity
@: brilliant, lethally poisoned (0 -> -14)
A: powered by death 1, weakness stinger 1, clarity
a: no special abilities


You were on level 3 of the Dungeon.
You visited 1 branch of the dungeon, and saw 3 of its levels.

You collected 128 gold pieces.

Inventory:

Hand Weapons
 a - a +0 shortbow
 f - a +0 short sword of venom (weapon)
Armour
 c - a +0 leather armour (worn)
Wands
 p - a wand of flame (17)
Scrolls
 b - a scroll of butterflies
 d - 5 scrolls of identify {unknown}
 e - a scroll of teleportation {unknown}
 h - 3 scrolls of poison {unknown}
 i - a scroll of vulnerability {unknown}
 m - a scroll of revelation {unknown}
 n - 2 scrolls of fear {unknown}
Potions
 k - a potion of enlightenment {unknown}
 l - a potion of lignification {unknown}
 o - a potion of ambrosia {unknown}


   Skills:
 - Level 2.4 Fighting
 * Level 4.6 Ranged Weapons
 - Level 2.1 Dodging
 - Level 1.4 Stealth


You had 3 spell levels left.
You didn't know any spells.
Your spell library was empty.

Dungeon Overview and Level Annotations

Branches:
Dungeon (3/15)

Altars:


Innate Abilities, Weirdness & Mutations

You regenerate a little health from kills.
You have a small tail.
You possess an exceptional clarity of mind.


Message History

The orc hits you with a +0 whip.
You shoot an arrow. The arrow hits the orc!
You kill the orc!
Things that are here:
a +0 whip; an orc corpse; a ball python corpse No target in view!
HP restored.
Found a stone staircase leading up.
You now have 79 gold pieces (gained 13).
n - a scroll labelled NOCVOKH JAQEM
d - 5 scrolls labelled SUAHUMO DUMU LEJU (gained 1)
You now have 94 gold pieces (gained 15).
o - a pink potion You now have 105 gold pieces (gained 11).
You see here a +0 whip.
A quokka comes into view.
A quokka is nearby!
A quokka is nearby!
You shoot an arrow. The arrow hits the quokka.
You kill the quokka!
No target in view!
No target in view!
No target in view!
You now have 115 gold pieces (gained 10).
A kobold comes into view. It is wielding a +0 whip.
A kobold is nearby!
A kobold is nearby!
You shoot an arrow. The arrow hits the kobold.
You kill the kobold!
No target in view!
No target in view!
No target in view!
n - 2 scrolls labelled NOCVOKH JAQEM (gained 1)
Found an escape hatch in the ceiling.
p - a wand of flame (17)
You now have 128 gold pieces (gained 13).
Done exploring.
Done exploring.
No target in view!
Done exploring.
Done exploring.
You see here 4 stones.
There is a stone staircase leading down here.
Okay, then.
You climb downwards.
The hobgoblin shouts!
You hear a shout!
There is a stone staircase leading up here.
You shoot an arrow. The arrow hits the hobgoblin.
The hobgoblin is almost dead.
A kobold comes into view. It is wielding a +0 short sword.
The hobgoblin hits you but does no damage.
You shoot an arrow. The arrow hits the hobgoblin.
You kill the hobgoblin!
You have reached level 4!
You feel stronger.
Your demonic ancestry asserts itself...
You grow a small tail.
You shoot an arrow. The arrow barely misses the kobold.
You shoot an arrow. The arrow closely misses the kobold.
You shoot an arrow. The arrow closely misses the kobold.
A scorpion comes into view.
The kobold misses you.
You shoot an arrow. The arrow hits the scorpion.
The scorpion is moderately wounded.
The kobold hits you with a +0 short sword.
The scorpion barely misses you. The kobold hits you but does no damage.
You shoot an arrow. The arrow closely misses the scorpion.
The scorpion closely misses you. The kobold hits you but does no damage.
You shoot an arrow. The arrow barely misses the scorpion.
The scorpion stings you.
You are poisoned.
The scorpion poisons you! The kobold closely misses you.
The scorpion stings you.
You feel sick.
The kobold hits you with a +0 short sword.
You feel sick.
You feel sick. The scorpion attacks as it pursues you!
The scorpion stings you but does no damage.
Your +0 short sword of venom begins to drip with poison!
f - a +0 short sword of venom (weapon)
The scorpion stings you.
You are more poisoned.
The scorpion poisons you!
You completely miss the scorpion.
Your tail-slap misses the scorpion.
The scorpion is moderately wounded.
You feel very sick. The scorpion stings you.
You are lethally poisoned!
The scorpion poisons you!
You hit the scorpion but do no damage.
The scorpion is poisoned.
The scorpion is lightly wounded.
You feel very sick. The scorpion closely misses you.
It was a potion of brilliance.
You feel clever all of a sudden.
You feel very sick. The scorpion closely misses you.
The scorpion completely misses you.
It was a potion of mutation.
You feel extremely strange.
You feel a little pissed off.
You feel a little more calm.
Your thoughts seem clearer.
You die...

#. #.###
#...#
###...###
#.......
#......###
#........#
#..†.#@#
#...<#s#
#.....K#
#......#
...........
#.##[###....#
# #. ..##+#
#. #.# #. #..


You could see a scorpion (very poisoned) and a kobold.

Vanquished Creatures
  A gnoll (D:1)
  An adder (D:2)
  A dart slug (D:1)
  An orc (D:2)
  6 ball pythons
  4 endoplasms (D:1)
  6 goblins
  4 hobgoblins
  3 jackals (D:1)
  A quokka (D:2)
  7 bats
  A frilled lizard (D:1)
  3 kobolds
  4 rats (D:1)
43 creatures vanquished.

Notes
Turn   | Place    | Note
-------+----------+-------------------------------------------
     0 | D:1      | browni3141 the Demonspawn Hunter began the quest for the
                  | Orb.
     0 | D:1      | Reached XP level 1. HP: 16/16 MP: 1/1
    46 | D:1      | Reached skill level 1 in Stealth
   103 | D:1      | Gained mutation: You regenerate a little health from kills.
                  | [demonic ancestry]
   103 | D:1      | Reached XP level 2. HP: 17/22 MP: 2/2
   342 | D:1      | Reached skill level 4 in Ranged Weapons
   342 | D:1      | Reached XP level 3. HP: 28/28 MP: 3/3
   366 | D:1      | Found a faded altar of an unknown god.
  1486 | D:3      | Gained mutation: You have a small tail. [demonic ancestry]
  1486 | D:3      | Reached XP level 4. HP: 34/34 MP: 4/4
  1488 | D:3      | Noticed a scorpion
  1499 | D:3      | Gained mutation: You sometimes lose your temper in combat.
                  | [potion of mutation]
  1499 | D:3      | Lost mutation: You sometimes lose your temper in combat.
                  | [potion of mutation]
  1499 | D:3      | Gained mutation: You possess an exceptional clarity of
                  | mind. [potion of mutation]
  1499 | D:3      | Succumbed to a scorpion's poison

Illustrated notes

Levels and vault maps discovered:
D:1:      onia_arrival_mini_spirals, layout_basic,
          ebering_ecumenical_altar_petrified, st_stairs_13, hex_intersection
D:2:      layout_loops_cross
D:3:      layout_basic, grunt_ministairs_1, uniq_terence

Skill      XL: |  1  2 |
---------------+-------+-----
Stealth        | 1 |  1.4
Dodging        | 2 |  2.1
Ranged Weapons | 4 |  4.6
Fighting       | |  2.4

Action                     |  1- 3 |  4- 6 || total
---------------------------+-------+-------++-------
  Melee: Short sword       |       |     2 ||     2
   Fire: Shortbow          |   111 |     6 ||   117
    Use: Potion            |       |     2 ||     2
 Armour: Leather armour    |    49 |     9 ||    58
  Dodge: Dodged            |    53 |     7 ||    60
